 Dungeon Crawl Stone Soup version 0.20.1-1-g8b1a95d (webtiles) character file.

100440 letownia2 the Severer (level 15, -2/129 HPs)
             Began as a Deep Dwarf Necromancer on Nov 23, 2017.
             Was an Initiate of Gozag.
             Shot with a bolt by a naga sharpshooter (26 damage)
             ... on level 2 of the Snake Pit.
             The game lasted 02:29:26 (31661 turns).

letownia2 the Severer (Deep Dwarf Necromancer)     Turns: 31661, Time: 02:29:27

Health: -2/129     AC: 18    Str: 15    XL:     15   Next: 80%
Magic:  1/27       EV: 15    Int: 23    God:    Gozag
Gold:   1369       SH:  0    Dex: 23    Spells: 15/31 levels left

rFire    + + .     SeeInvis .   a - +8 executioner's axe (freeze)
rCold    + . .     Gourm    .   (shield currently unavailable)
rNeg     + . .     Faith    .   I - +1 scale mail {rF+}
rPois    +         Spirit   .   z - +2 helmet of Action {+Fly rF+ Str-5 Slay+2 Stlth+}
rElec    .         Reflect  .   e - +1 cloak {rC+}
rCorr    .         Harm     .   O - +0 pair of gloves of Crawling {Int+5}
MR       ++...                  A - +1 pair of boots "Lisafomm" {Dex+2}
Stlth    +++.......             (no amulet)
Regen    0.0/turn               s - ring of Tedoatatt {Str+4 Dex+8 Stlth+}
MPRegen  0.2/turn               B - ring of poison resistance

@: lethally poisoned (-2 -> -2), non-regenerating
A: damage resistance, heal wounds, negative energy resistance 1, sense
surroundings 2, no regeneration
a: Heal Wounds, Potion Petition, Call Merchant, Bribe Branch, Renounce Religion,
Evoke Flight


You were on level 2 of the Snake Pit.
You worshipped Gozag.
Gozag was most pleased with you.
You were not hungry.

You visited 5 branches of the dungeon, and saw 24 of its levels.
You visited 1 bazaar.
You also visited: Ossuary, Ice Cave and Volcano.

You collected 8488 gold pieces.
You spent 1456 gold pieces at shops.
You paid 5663 gold pieces to Gozag.

Inventory:

Hand Weapons
 a - a +8 executioner's axe of freezing (weapon)
 b - a +0 battleaxe of chopping
 c - a +1 blowgun
 E - a +3 war axe of flaming
Missiles
 S - 3 curare-tipped needles
Armour
 e - a +1 cloak of cold resistance (worn)
 y - the +0 helmet of Wytua {rC+ MR+ Dex+5}
   (You bought it in a shop in a bazaar)

   It affects your dexterity (+5).
   It protects you from cold.
   It affects your resistance to hostile enchantments.
 z - the +2 helmet of Action (worn) {+Fly rF+ Str-5 Slay+2 Stlth+}
   (You bought it in a shop on level 10 of the Dungeon)

   It affects your strength (-5).
   It affects your accuracy and damage with ranged weapons and melee attacks
   (+2).
   It protects you from fire.
   It lets you fly.
   It makes you more stealthy.
 A - the +1 pair of boots "Lisafomm" (worn) {Dex+2}
   (You bought it in a shop in a bazaar)

   It affects your dexterity (+2).
 I - a +1 scale mail of fire resistance (worn)
 O - the +0 pair of gloves of Crawling (worn) {Int+5}
   (You bought it in a shop on level 10 of the Dungeon)

   It affects your intelligence (+5).
Jewellery
 s - the ring of Tedoatatt (left hand) {Str+4 Dex+8 Stlth+}
   (You found it on level 9 of the Dungeon)

   [ring of strength]

   It affects your strength (+4).
   It affects your dexterity (+8).
   It makes you more stealthy.
 B - a ring of poison resistance (right hand)
 N - an uncursed ring of resist corrosion
Wands
 k - a wand of confusion (40/48)
 v - a wand of lightning (1/15)
 w - a wand of flame (16/48)
 F - a wand of acid (5/15)
 J - a wand of flame (7/48)
 P - a wand of lightning (0/15)
 Q - a wand of paralysis (10/24)
 V - a wand of confusion (2/48)
 W - a wand of confusion (8/48)
 Y - a wand of flame (14/48)
Scrolls
 i - 7 scrolls of identify
 o - 3 scrolls of teleportation
 p - 2 scrolls of magic mapping
 C - 2 scrolls of remove curse
 D - a scroll of fear
 L - 2 scrolls of immolation
 T - a scroll of blinking
 X - 2 scrolls of recharging
 Z - a scroll of summoning
Potions
 d - 3 potions of lignification
 f - a potion of cancellation
 g - 5 potions of agility
 h - 7 potions of curing
 n - 3 potions of brilliance
 q - a potion of resistance
 r - 3 potions of might
 t - 5 potions of heal wounds
 G - 6 potions of flight
 H - 4 potions of mutation
 K - a potion of ambrosia
 R - 3 potions of berserk rage
 U - a potion of haste
Miscellaneous
 m - a phial of floods (inert)
 M - a sack of spiders
Comestibles
 x - 12 bread rations


   Skills:
 - Level 7.2 Fighting
 + Level 17.7 Axes
 - Level 6.6 Armour
 - Level 8.1 Dodging
 - Level 2.4 Stealth
 - Level 8.6 Spellcasting
 - Level 3.4 Conjurations
 - Level 2.0 Hexes
 - Level 14.6 Necromancy
 - Level 2.4 Translocations
 - Level 3.0 Fire Magic
 - Level 3.6 Air Magic
 - Level 2.1 Poison Magic
 - Level 9.0 Evocations


You had 15 spell levels left.
You knew the following spells:

 Your Spells              Type           Power        Failure   Level  Hunger
a - Pain                  Necr           ####         1%          1    None
b - Blink                 Tloc           N/A          12%         2    None
c - Conjure Flame         Conj/Fire      ####....     17%         3    None
d - Flame Tongue          Conj/Fire      ####.        5%          1    None
e - Mephitic Cloud        Conj/Pois/Air  ###.....     19%         3    None
v - Vampiric Draining     Necr           ######....   1%          3    None
x - Inner Flame           Hex/Fire       ###.....     22%         3    None


Dungeon Overview and Level Annotations

Branches:
Dungeon (15/15)            Temple (1/1) D:4            Lair (4/6) D:8
  Swamp (0/4) Lair:4        Snake (2/4) Lair:3          Orc (2/2) D:10
    Elf (0/3) Orc:2        Vaults (0/5) D:13         Depths (0/5) D:15

Altars:
Ashenzari
Cheibriados
Dithmenos
Elyvilon
Fedhas
Gozag
Hepliaklqana
Kikubaaqudgha
Makhleb
Nemelex Xobeh
Okawaru
Qazlal
Ru
Sif Muna
Uskayaw
Vehumet
Xom
Yredelemnul
Zin
The Shining One
Beogh

Shops:
D:4 (   D:5 ?   D:9 =   D:10 [   D:11 =   Orc:2 [[(=*   Lair:1 [[   Lair:2 =(

Annotations:
D:6 Ratty's ghost, novice DEFE
D:13 1 exclusion
Snake:2 Saint Roka


Innate Abilities, Weirdness & Mutations

You are resistant to damage.
You can heal yourself by infusing magical energy.
You resist negative energy. (rN+)
You passively map the area around you.
You do not regenerate.


Message History

Unknown command.
Evoke which item? (* to show all) (? for menu, Esc to quit)
Aiming: Corrosive Bolt
Press: ? - help, Shift-Dir - straight line, f/p - naga sharpshooter
Aim: a naga sharpshooter, wielding an enchanted arbalest and wearing a robe (heavily wounded)
Okay, then.
The naga sharpshooter shoots a bolt.
The bolt hits you!
* * * LOW HITPOINT WARNING * * *
Your soldier ant stings the naga sharpshooter but does no damage.
You see here a bolt.
Unknown command.
Unknown command.
Evoke which item? (* to show all) (? for menu, Esc to quit)
Aiming: Corrosive Bolt
Press: ? - help, Shift-Dir - straight line, p - naga sharpshooter The bolt of acid misses the naga sharpshooter.
This wand has 5 charges left.
The naga sharpshooter shoots a bolt.
The bolt hits you!!
You die...
Your body crumbles into a pile of gold.

#..................,,,,
#..................,,,,
#............N...#,*,,,
#........>.......#,****
#.............N..#,*
#..........(.....#.##**
#.......#....)..$....,*
#......(##.......#.##,*
#.....@$##[..#####,**,*
#.[....sN(.........,,,*
#.<....[[a...######,,,*
#..)....##...# *,,,*
#.......##...######.,,*
#.......##..........,.,
#.......####.######,.,,
#.......####.#### *.#**
#.......#.......###.###


You could see a naga sharpshooter, a friendly soldier ant and a friendly
redback.

Vanquished Creatures
  Rupert (D:14)
  A nagaraja (Snake:2)
  An orc warlord (Orc:2)
  Snorg (D:12)
  The ghost of Ymberto the Protected, a journeyman HuHu of Okawaru (D:11)
  4 hydras
  4 naga warriors
  2 anacondas (Snake:2)
  3 centaur warriors
  10 two-headed ogres
  2 tengu warriors
  An orc high priest (Orc:2)
  5 naga sharpshooters
  Sonja (Orc:2)
  Nergalle (D:10)
  5 shock serpents
  3 skeletal warriors (D:15)
  2 unseen horrors
  3 naga ritualists (Snake:1)
  3 wolf spider zombies
  Pikel (D:4)
  4 orc knights (Orc:2)
  3 deep elf magi
  3 necromancers
  3 mana vipers
  14 ugly things
  A manticore (D:15)
  4 orc sorcerers
  2 cyclopes
  2 ice statues (IceCv)
  4 centaur zombies
  A guardian serpent (Snake:1)
  4 salamanders
  An elephant (Lair:3)
  4 gargoyles
  10 spiny frogs
  7 naga magi
  22 black mambas
  A kobold demonologist (D:9)
  A spiny frog (shapeshifter) (D:15)
  6 komodo dragons
  9 ice devils (IceCv)
  4 trolls
  3 meliai (D:15)
  A polar bear (Lair:4)
  4 blink frogs (Lair:2)
  11 hippogriffs
  6 slime creatures
  2 meliai zombies (D:14)
  4 spriggans
  2 vampires
  4 wyverns
  A basilisk (Lair:3)
  Grum (Lair:1)
  15 yaks
  Edmund (D:4)
  16 nagas
  A warg (Orc:2)
  2 soldier ants
  3 acid dragons
  6 water moccasins
  3 porcupines
  A swamp drake (Orc:1)
  48 orc warriors
  3 ice beasts
  A phantom (D:10)
  An eye of draining (D:14)
  4 slaves
  A black bear (Lair:1)
  2 sky beasts
  7 wolves
  17 ogres
  13 centaurs
  15 crocodiles
  3 big kobolds
  Blork the orc (Orc:2)
  3 elf zombies (Ossuary)
  A wyvern zombie (D:10)
  12 bullfrogs
  2 scorpions
  16 killer bees
  12 wights
  3 howler monkeys
  7 electric eels
  2 crimson imps
  2 quasits
  3 bullfrog zombies
  An iron imp (Orc:1)
  11 hounds
  3 human zombies (Ossuary)
  5 jellies
  3 centaur skeletons
  23 orc priests
  35 orc wizards
  2 bullfrog skeletons
  8 iguanas
  13 worker ants
  2 big kobold zombies (Ossuary)
  2 hound zombies
  3 hound skeletons
  2 mummies (Ossuary)
  3 worker ant zombies
  11 gnolls
  A howler monkey skeleton (D:4)
  13 adders
  5 shadow imps
  6 white imps
  5 ufetubi (IceCv)
  An ooze (D:4)
  3 adder zombies
  An adder skeleton (D:9)
  2 worms
  6 dart slugs
  8 leopard geckos
  107 orcs
  2 ball pythons
  10 bats
  3 giant cockroaches
  2 gnoll zombies (D:6)
  5 goblins
  10 hobgoblins
  6 jackals
  6 quokkas
  5 frilled lizards
  10 hobgoblin zombies (Ossuary)
  2 jackal zombies (Ossuary)
  25 kobolds
  7 kobold zombies (Ossuary)
  8 orc zombies (Ossuary)
  2 quokka skeletons
  9 rats
  4 plants (Lair:3)
832 creatures vanquished.

Vanquished Creatures (collateral kills)
  A molten gargoyle (Volcano)
  A gargoyle (Volcano)
  2 orc warriors (Snake:2)
  3 orcs
7 creatures vanquished.

Vanquished Creatures (others)
  A reaper (IceCv)
  The ghost of Thaneod the Severer, a journeyman MiBe of Trog (IceCv)
  4 white imps (IceCv)
  6 ufetubi (IceCv)
  A quokka (D:9)
  A fungus (Lair:1)
  3 plants
17 creatures vanquished.

Grand Total: 856 creatures vanquished

Notes
Turn   | Place    | Note
-------+----------+-------------------------------------------
     0 | D:1      | letownia2 the Deep Dwarf Necromancer began the quest for the Orb.
     0 | D:1      | Reached XP level 1. HP: 15/15 MP: 3/3
   295 | D:1      | Reached XP level 2. HP: 22/22 MP: 0/5
   571 | D:5      | Entered Level 5 of the Dungeon
   576 | D:5      | Reached skill level 5 in Necromancy
   640 | D:4      | Found Bisheana's Antique Weapon Shop.
   710 | D:4      | Reached XP level 3. HP: 28/28 MP: 1/6
   805 | D:4      | Learned a level 3 spell: Vampiric Draining
   915 | D:4      | Reached XP level 4. HP: 29/36 MP: 0/7
  1002 | D:4      | Noticed Edmund
  1201 | D:4      | Learned a level 3 spell: Conjure Flame
  1216 | D:4      | Found a radiant altar of Vehumet.
  1264 | D:4      | Found a staircase to the Ecumenical Temple.
  1273 | Temple   | Entered the Ecumenical Temple
  1335 | D:4      | Noticed a slave
  1408 | D:3      | Killed a slave
  1589 | D:2      | Found a blossoming altar of Fedhas.
  1976 | D:2      | Reached XP level 5. HP: 37/42 MP: 2/8
  2023 | D:2      | Reached skill level 1 in Fire Magic
  2449 | D:3      | Found a faded altar of an unknown god.
  2605 | D:3      | Reached skill level 1 in Conjurations
  2915 | D:3      | Found an opulent altar of Gozag.
  2920 | D:3      | Became a worshipper of Gozag Ym Sagoz the Greedy
  3601 | D:4      | Noticed Pikel
  3601 | D:4      | Noticed a slave
  3601 | D:4      | Noticed a slave
  3649 | D:4      | Found a hide-covered altar of Uskayaw.
  3675 | D:4      | Reached XP level 6. HP: 34/49 MP: 3/10
  3680 | D:4      | Noticed a slave
  3702 | D:4      | Killed a slave
  4045 | D:4      | Killed Edmund
  4045 | D:4      | Reached skill level 1 in Fighting
  4045 | D:4      | Reached skill level 1 in Armour
  4280 | D:4      | Killed a slave
  4336 | D:5      | Reached XP level 7. HP: 41/58 MP: 5/11
  4376 | D:5      | Found Ceorafurr's Magic Scroll Boutique.
  4405 | D:5      | Bought a scroll of magic mapping for 49 gold pieces
  4736 | D:5      | Got a spiked ring mail
  4747 | D:5      | Identified the +4 ring mail of the Maze {Str+4} (You found it on level 5 of the Dungeon)
  5402 | D:4      | Killed Pikel
  5402 | D:4      | Reached XP level 8. HP: 64/68 MP: 12/15
  5498 | D:6      | Reached skill level 5 in Spellcasting
  5596 | D:6      | Noticed Ratty's ghost (novice DEFE)
  5645 | D:6      | Reached skill level 1 in Evocations
  5670 | D:6      | Gained mutation: You passively map the area around you. [Deep Dwarf growth]
  5670 | D:6      | Reached XP level 9. HP: 58/74 MP: 1/17
  5790 | D:6      | Found a basalt altar of Yredelemnul.
  6023 | D:7      | Reached skill level 5 in Evocations
  6194 | D:7      | Found a sand-covered staircase.
  6211 | D:7      | Learned a level 1 spell: Flame Tongue
  6225 | D:7      | Found an ancient bone altar of Kikubaaqudgha.
  6314 | Ossuary  | Entered an ossuary
  6953 | D:7      | Found a shadowy altar of Dithmenos.
  7439 | D:7      | Learned a level 3 spell: Inner Flame
  7485 | D:8      | Found a white marble altar of Elyvilon.
  7523 | D:8      | Reached XP level 10. HP: 68/82 MP: 15/22
  7933 | D:8      | Found a shimmering altar of Xom.
  8033 | D:8      | Found a deep blue altar of Sif Muna.
  8209 | D:8      | Found a staircase to the Lair.
  8402 | D:8      | Noticed a two-headed ogre
  8437 | D:8      | Killed a two-headed ogre
  8589 | D:9      | Reached skill level 10 in Necromancy
  8596 | D:9      | Noticed an orc sorcerer
  8618 | D:9      | Noticed a soul eater
  8823 | D:9      | Noticed a two-headed ogre
  8825 | D:9      | Noticed a centaur warrior
  8826 | D:9      | Noticed a tengu warrior
  8858 | D:9      | Killed a two-headed ogre
  9085 | D:9      | Noticed a two-headed ogre
  9228 | D:9      | Killed a two-headed ogre
  9235 | D:9      | Reached XP level 11. HP: 72/93 MP: 16/23
  9320 | D:9      | Killed a tengu warrior
  9394 | D:9      | Killed a centaur warrior
  9439 | D:9      | Killed an orc sorcerer
  9772 | D:9      | Found a burning altar of Makhleb.
  9920 | D:9      | Found Qarch's Jewellery Emporium.
 10073 | D:9      | Noticed an orc sorcerer
 10084 | D:9      | Killed an orc sorcerer
 10100 | D:9      | Got a steaming mace {crush}
 10101 | D:9      | Identified the cursed +3 mace of Vengeance {crush, MR+} (You took it off an orc sorcerer on level 9 of the Dungeon)
 10330 | D:9      | Got a glittering granite ring
 10334 | D:9      | Identified the ring of Tedoatatt {Str+4 Dex+8 Stlth+} (You found it on level 9 of the Dungeon)
 10479 | D:10     | Entered Level 10 of the Dungeon
 10548 | Lair:1   | Entered Level 1 of the Lair of Beasts
 10552 | Lair:1   | Noticed an eight-headed hydra
 10570 | Lair:1   | Killed an eight-headed hydra
 10570 | Lair:1   | Reached skill level 5 in Dodging
 10644 | Lair:1   | Noticed Grum
 10940 | Lair:1   | Killed Grum
 10974 | Lair:1   | Found a dark tunnel.
 10979 | Volcano  | Entered a volcano
 11313 | Lair:1   | Reached skill level 1 in Axes
 11849 | Lair:2   | Reached skill level 2 in Axes
 12015 | Lair:2   | Reached XP level 12. HP: 92/100 MP: 13/24
 12427 | Lair:2   | Reached skill level 3 in Axes
 13080 | D:10     | Noticed Nergalle
 13094 | D:10     | Killed Nergalle
 13094 | D:10     | Reached skill level 4 in Axes
 13613 | D:10     | Found a staircase to the Orcish Mines.
 13635 | D:10     | Noticed a centaur warrior
 13655 | D:10     | Killed a centaur warrior
 13655 | D:10     | Reached skill level 5 in Axes
 13673 | D:10     | Noticed a two-headed ogre
 13693 | D:10     | Killed a two-headed ogre
 13693 | D:10     | Reached skill level 6 in Axes
 14337 | D:10     | Reached skill level 7 in Axes
 14498 | Orc:1    | Entered Level 1 of the Orcish Mines
 14504 | D:10     | Bought a pair of slimy gloves for 351 gold pieces
 14509 | D:10     | Identified the cursed +0 pair of gloves of Crawling {Int+5} (You bought it in a shop on level 10 of the Dungeon)
 14733 | Orc:2    | Entered Level 2 of the Orcish Mines
 14824 | Orc:2    | Found a staircase to the Elven Halls.
 14961 | D:10     | Bought a pitted helmet for 351 gold pieces
 14966 | D:10     | Identified the +2 helmet of Action {+Fly rF+ Str-5 Slay+2 Stlth+} (You bought it in a shop on level 10 of the Dungeon)
 15548 | Orc:1    | Reached skill level 8 in Axes
 15615 | Orc:1    | Learned a level 2 spell: Blink
 15619 | Orc:1    | Learned a level 3 spell: Mephitic Cloud
 15918 | Orc:2    | Found Hinaun's Armour Emporium.
 15923 | Orc:2    | Reached skill level 1 in Translocations
 15980 | Orc:2    | Reached skill level 1 in Hexes
 15980 | Orc:2    | Reached skill level 1 in Poison Magic
 16091 | Orc:2    | Found a roughly hewn altar of Beogh.
 16253 | Orc:2    | Noticed Sonja
 16259 | Orc:2    | Killed Sonja
 16259 | Orc:2    | Reached skill level 1 in Air Magic
 16523 | Orc:2    | Noticed an orc warlord
 16548 | Orc:2    | Killed an orc warlord
 16569 | Orc:2    | Noticed an orc high priest
 16669 | Orc:2    | Killed an orc high priest
 16750 | Orc:2    | Reached XP level 13. HP: 94/108 MP: 19/25
 16871 | Orc:2    | Reached skill level 9 in Axes
 17037 | Orc:2    | Noticed Blork the orc
 17064 | Orc:2    | Killed Blork the orc
 17080 | Orc:2    | Found a roughly hewn altar of Beogh.
 17189 | Orc:2    | Found Bourui Aggy's General Store.
 17198 | Orc:2    | Found Kajueh's Jewellery Shop.
 17312 | Orc:2    | Found Qeeh's Antique Armour Shop.
 17327 | Orc:2    | Found Ydihoax's Antique Weapon Shop.
 17740 | D:11     | Got a shimmering ring mail
 17751 | D:11     | Identified the +5 ring mail of Kopy Osm {Str+2 Dex-5 SInv} (You found it on level 11 of the Dungeon)
 17904 | D:11     | Noticed Ymberto's ghost (journeyman HuHu)
 18174 | D:11     | Found a frozen archway.
 18293 | IceCv    | Entered an ice cave
 18401 | IceCv    | Killed Thaneod's ghost
 18529 | IceCv    | Reached skill level 10 in Axes
 18680 | IceCv    | Killed a reaper
 20764 | D:12     | Noticed Snorg
 20796 | D:12     | Killed Snorg
 20796 | D:12     | Reached skill level 11 in Axes
 21445 | D:13     | Reached skill level 5 in Armour
 21742 | D:13     | Found a gate to the Vaults.
 21899 | D:13     | Got a distressingly furry cloak
 21910 | D:13     | Identified the +0 cloak of the Louse {SInv} (You found it on level 13 of the Dungeon)
 22283 | D:14     | Reached skill level 5 in Fighting
 22317 | D:14     | Found an opulent altar of Gozag.
 22493 | D:14     | You fall through a shaft!
 22493 | D:15     | Entered Level 15 of the Dungeon
 22777 | D:14     | Reached skill level 12 in Axes
 22954 | D:14     | Gained mutation: You resist negative energy. (rN+) [Deep Dwarf growth]
 22954 | D:14     | Reached XP level 14. HP: 94/117 MP: 2/26
 23571 | D:15     | Reached skill level 13 in Axes
 23572 | D:15     | Found a staircase to the Depths.
 24222 | D:15     | Reached skill level 14 in Axes
 24775 | D:14     | Noticed Rupert
 24826 | D:14     | Killed Rupert
 25666 | D:11     | Killed Ymberto's ghost
 26854 | Lair:3   | Found a staircase to the Snake Pit.
 27501 | Snake:1  | Entered Level 1 of the Snake Pit
 27518 | Snake:1  | Reached XP level 15. HP: 112/129 MP: 25/27
 27558 | Snake:1  | Reached skill level 15 in Axes
 28478 | Lair:3   | Reached skill level 16 in Axes
 30182 | Snake:2  | Noticed Saint Roka
 30206 | Snake:2  | Noticed a nagaraja
 30412 | Snake:2  | Found a flickering gateway to a bazaar.
 30604 | Snake:2  | Reached skill level 17 in Axes
 30909 | Bazaar   | Entered a bazaar
 30909 | Bazaar   | Found Gauneru's Antique Armour Emporium.
 30909 | Bazaar   | Found Vefeaf's Antique Armour Shoppe.
 30909 | Bazaar   | Found Citeikh's General Store.
 30911 | Bazaar   | Found Ipnunec's Assorted Antiques.
 30911 | Bazaar   | Found Wyodi's Antique Armour Shoppe.
 30945 | Bazaar   | Bought a distressingly furry helmet for 171 gold pieces
 30945 | Bazaar   | Bought a pair of polished boots for 171 gold pieces
 30948 | Bazaar   | Bought a faintly glowing helmet for 228 gold pieces
 30961 | Bazaar   | Identified the +0 helmet of Wytua {rC+ MR+ Dex+5} (You bought it in a shop in a bazaar)
 30971 | Bazaar   | Identified the +1 pair of boots "Lisafomm" {Dex+2} (You bought it in a shop in a bazaar)
 31003 | Bazaar   | Identified the +1 helmet of Aric {rC- Regen+ SInv} (You bought it in a shop in a bazaar)
 31023 | Bazaar   | Bought a pair of glowing boots for 135 gold pieces
 31529 | Snake:2  | Killed a nagaraja
 31661 | Snake:2  | Shot with a bolt by a naga sharpshooter

Skill      XL: |  1  2  3  4  5  6  7  8  9 10 11 12 13 14 15 |
---------------+----------------------------------------------+-----
Spellcasting   | 2 3 4 5 8 |  8.6
Necromancy     | 5 6 7 8 9 11 14 | 14.6
Fire Magic     | 1 3 |  3.0
Conjurations   | 1 2 3 |  3.4
Fighting       | 1 2 4 5 7 |  7.2
Armour         | 2 4 5 6 |  6.6
Dodging        | 3 4 8 |  8.1
Evocations     | 2 5 9 |  9.0
Axes           | 2 8 12 14 17 | 17.7
Translocations | 2 |  2.4
Hexes          | 2 |  2.0
Poison Magic   | 2 |  2.1
Air Magic      | 1 3 |  3.6
Stealth        | |  2.4

Action                   |  1- 3 |  4- 6 |  7- 9 | 10-12 | 13-15 || total
-------------------------+-------+-------+-------+-------+-------++-------
Melee: Unarmed           |     1 |    14 |       |       |       ||    15
       Dagger            |       |   120 |   359 |   562 |       ||  1041
       Dire flail        |       |       |    13 |       |       ||    13
       Mace              |       |       |       |    16 |       ||    16
       Whip              |       |       |       |     2 |       ||     2
       Hand axe          |       |       |       |    89 |   646 ||   735
       War axe           |       |       |       |       |   308 ||   308
       Battleaxe         |       |       |       |       |    18 ||    18
       Executioner's axe |       |       |       |       |    16 ||    16
 Fire: Blowgun           |       |       |       |       |     8 ||     8
Throw: Throwing net      |       |       |       |     1 |       ||     1
 Cast: Pain              |    44 |    77 |    32 |    39 |    49 ||   241
       Vampiric Draining |       |    31 |    53 |   306 |   448 ||   838
       Conjure Flame     |       |     1 |     7 |    29 |   100 ||   137
       Flame Tongue      |       |       |    40 |       |   137 ||   177
       Mephitic Cloud    |       |       |       |     4 |    68 ||    72
       Blink             |       |       |       |       |    11 ||    11
Invok: Call Merchant     |       |       |       |     3 |     3 ||     6
 Abil: Evoke Flight      |       |       |       |     1 |       ||     1
Evoke: Wand              |       |     8 |     3 |    69 |    85 ||   165
       Sack of spiders   |       |       |       |     8 |     5 ||    13
       Phial of floods   |       |       |       |       |     1 ||     1
  Use: Scroll            |       |     2 |     6 |    14 |    20 ||    42
       Potion            |       |       |       |     4 |     6 ||    10
 Stab: Sleeping          |       |     2 |     2 |     7 |     8 ||    19
       Distracted        |       |       |     1 |     5 |     8 ||    14
       Confused          |       |       |       |     6 |    20 ||    26
       Invisible         |       |       |       |       |    13 ||    13
       Held in net/web   |       |       |       |       |     3 ||     3
       Paralysed         |       |       |       |       |     1 ||     1
  Eat: Chunk             |     1 |    15 |     1 |       |       ||    17
       Royal jelly       |       |       |     2 |     1 |     4 ||     7
       Meat ration       |       |       |     2 |     3 |     4 ||     9
       Bread ration      |       |       |       |     3 |     4 ||     7
Armor: Robe              |     1 |       |       |       |       ||     1
       Leather armour    |     4 |    62 |       |       |       ||    66
       Ring mail         |       |     4 |   143 |   358 |   299 ||   804
       Scale mail        |       |       |       |       |    86 ||    86
Dodge: Dodged            |    12 |   159 |   266 |   826 |   863 ||  2126
